 Dungeon Crawl Stone Soup version 0.28.0-53-g5a82cb258f (webtiles) character file.

Game seed: 12216227351647908108

102 LustLizard the Chopper (level 4, -7/60 HPs)
             Began as a Minotaur Berserker on July 11, 2022.
             Was a Believer of Trog.
             Mangled by a gnoll
             ... wielding a +0 flail
              (11 damage)
             ... on level 2 of the Dungeon.
             The game lasted 00:02:58 (2305 turns).

LustLizard the Chopper (Minotaur Berserker)         Turns: 2305, Time: 00:02:58

Health: -7/60      AC:  5    Str: 24    XL:     4   Next: 50%
Magic:  1/1        EV: 11    Int:  4    God:    Trog [**....]
Gold:   126        SH:  0    Dex:  9    Spells: 3/3 levels left

rFire   . . .      SeeInvis .   o - +2 hand axe (antimagic)
rCold   . . .      Faith    .   (no shield)
rNeg    . . .      Spirit   .   j - +0 ring mail
rPois   .          Reflect  .   (helmet restricted)
rElec   .          Harm     .   (no cloak)
rCorr   .          Rampage  .   (no gloves)
Will    .....                   (no boots)
Stlth   ..........              (no amulet)
HPRegen 0.20/turn               (no ring)
MPRegen 0.07/turn               (no ring)

@: berserking, very quick
A: horns 2, retaliatory headbutt
a: Renounce Religion, Berserk, Trog's Hand


You were on level 2 of the Dungeon.
You worshipped Trog.
Trog was pleased with you.
You visited 1 branch of the dungeon, and saw 3 of its levels.

You collected 126 gold pieces.

Inventory:

Hand Weapons
 a - a +0 hand axe
 o - a +2 antimagic hand axe (weapon)
Missiles
 e - 60 stones (quivered)
 h - 4 poisoned darts
Armour
 b - a +0 animal skin
 j - a +0 ring mail (worn)
Jewellery
 m - a ring of resist corrosion
Scrolls
 d - a scroll of fear {unknown}
 f - 3 scrolls of immolation {unknown}
 g - 2 scrolls of noise {unknown}
 k - a scroll of identify {unknown}
 l - a scroll of fog {unknown}
Potions
 c - a potion of invisibility {unknown}
 i - 2 potions of degeneration {unknown}
 n - a potion of lignification {unknown}


   Skills:
 + Level 4.3 Fighting
 * Level 5.0 Axes
 * Level 2.4 Throwing
 - Level 2.4 Armour
 - Level 2.1 Dodging


You had 3 spell levels left.
You didn't know any spells.
Your spell library was empty.

Dungeon Overview and Level Annotations

Branches:
Dungeon (3/15)

Altars:
Beogh


Innate Abilities, Weirdness & Mutations

You have a pair of horns on your head.
You reflexively headbutt those who attack you in melee.


Message History

You throw a stone. The stone closely misses the gnoll. x2
You slash the gnoll! You punch the gnoll, but do no damage.
The gnoll is almost dead.
The gnoll throws a throwing net.
The throwing net hits you.
You become entangled in the net!
The gnoll hits you with a +0 flail.
You tear a large gash into the net.
There are no objects that can be picked up here. a throwing net You shred the net and break free!
The adder bites you but does no damage. x2
The orc closely misses you. You furiously retaliate!
You headbutt the orc. The adder closely misses you.
You climb upwards.
There is a stone staircase leading down here.
You hit the adder.
The adder is lightly wounded.
You hit the gnoll but do no damage. The gnoll hits you with a +0 flail!
The adder closely misses you.
You slash the adder!
You kill the adder!
Trog accepts your kill.
You barely miss the gnoll. The gnoll hits you with a +0 flail.
Your Axes skill increases to level 5!
You closely miss the gnoll. The gnoll hits you with a +0 flail!
You hit the gnoll.
The gnoll is lightly wounded.
The gnoll hits you with a +0 flail.
You closely miss the gnoll.
The gnoll is lightly wounded.
The gnoll hits you with a +0 flail.
* * * LOW HITPOINT WARNING * * *
You barely miss the gnoll. Your headbutt misses the gnoll.
The gnoll is lightly wounded.
The gnoll hits you with a +0 flail!
* * * LOW HITPOINT WARNING * * *
A red film seems to cover your vision as you go berserk!
You feel yourself moving faster!
You feel mighty! The gnoll closely misses you.
You slash the gnoll!
The gnoll is severely wounded.
The gnoll hits you with a +0 flail!
You die...

#.# #....####...............###
#.# #....+..'.......#######.# #
#.####....####......## ### #
##'#'##.......'.......# #
.......###.####.......# .......#
#.# #.......# .......# #.#
#.......# .......# #.#
#######.########### .......#
#.#####@go.#.##......... .......#
#.....#†##.#.##.........
..############.#.##.#.##..<......
...# #.# #...##.#.##.....†...
...######.# ###..#.#.##.........
...'......# #..#.#.##.........
...######.# #..#.#.##.........
...# #.# ###..#.#(##.........
#########.# #.........#.........


You could see a gnoll and an orc.

Vanquished Creatures
  5 adders (D:2)
  2 worms (D:2)
  A dart slug (D:1)
  3 orcs (D:2)
  8 ball pythons
  2 bats (D:2)
  4 endoplasms
  A giant cockroach (D:1)
  A goblin (D:2)
  4 hobgoblins
  4 jackals (D:2)
  4 kobolds
  3 quokkas (D:2)
  A frilled lizard (D:1)
  3 rats
46 creatures vanquished.

Notes
Turn   | Place    | Note
-------+----------+-------------------------------------------
     0 | D:1      | LustLizard the Minotaur Berserker began the quest for the
                  | Orb.
     0 | D:1      | Reached XP level 1. HP: 19/19 MP: 0/0
   244 | D:1      | Reached skill level 4 in Axes
   244 | D:1      | Reached XP level 2. HP: 27/27 MP: 1/1
   280 | D:1      | Reached skill level 1 in Throwing
  1004 | D:2      | Reached XP level 3. HP: 32/33 MP: 2/2
  1217 | D:2      | Reached XP level 4. HP: 26/40 MP: 3/3
  1266 | D:2      | Reached ** piety under Trog
  2065 | D:2      | Found a faded altar of an unknown god.
  2300 | D:2      | Reached skill level 5 in Axes
  2303 | D:2      | HP: 2/40 [gnoll/+0 flail (7)]
  2305 | D:2      | Mangled by a gnoll

Illustrated notes

Levels and vault maps discovered:
D:1:      giann_forest_graveyard, layout_loops_ring, minmay_distorted
D:2:      layout_basic, hellmonk_ecumenical_altar_defaced_shrine
D:3:      layout_rooms, kennysheep_generic_room_10

Skill      XL: |  1  2  3  4 |
---------------+-------------+-----
Axes           | 4 5 |  5.0
Throwing       | 1 2 |  2.4
Fighting       | 4 |  4.3
Armour         | |  2.4
Dodging        | |  2.1

Action                   |  1- 3 |  4- 6 || total
-------------------------+-------+-------++-------
Melee: Hand axe          |    54 |    44 ||    98
       Headbutt          |     6 |     9 ||    15
       Punch             |       |     1 ||     1
Throw: Stone             |     2 |    10 ||    12
Invok: Berserk           |     2 |     1 ||     3
Armor: Animal skin       |     4 |       ||     4
       Ring mail         |    11 |     8 ||    19
Dodge: Dodged            |    36 |    15 ||    51
